 Dungeon Crawl Stone Soup version 0.17.0-23-g0de4337 (webtiles) character file.

604 Kolbur the Chopper (level 7, 0/46 HPs)
             Began as a Halfling Berserker on Nov 14, 2015.
             Was a Believer of Trog.
             Shot with an arrow by a centaur warrior (10 damage)
             ... on level 9 of the Dungeon.
             The game lasted 00:27:10 (1585 turns).

Kolbur the Chopper (Halfling Berserker)             Turns: 1585, Time: 00:27:10

Health: 0/46       AC: 10    Str: 19      XL:     7   Next: 70%
Magic:  7/7        EV:  9    Int:  6      God:    Trog [**....]
Gold:   163        SH:  0    Dex:  5 (14) Spells: 0 memorised, 6 levels left

rFire  . . .     SeeInvis .     b - +0 hunting sling
rCold  . . .     Clarity  .     r - +0 chain mail
rNeg   . . .     SustAt   .     (shield restricted)
rPois  .         Gourm    .     t - +0 helmet
rElec  .         Spirit   .     (no cloak)
rCorr  .         Warding  .     (no gloves)
rMut   .         Stasis   .     (no boots)
MR     +....                    (no amulet)
Stlth  ..........               h - ring of protection from magic
                                n - ring of wizardry

@: somewhat resistant to hostile enchantments, extremely unstealthy
A: mutation resistance 1
a: Berserk, Trog's Hand, Burn Spellbooks, Renounce Religion


You were on level 9 of the Dungeon.
You worshipped Trog.
Trog was pleased with you.
You were hungry.

You visited 1 branch of the dungeon, and saw 9 of its levels.

You collected 163 gold pieces.

Inventory:

Hand Weapons
 a - a +0 hand axe
 b - a +0 hunting sling (weapon)
Missiles
 f - a throwing net
 i - 50 stones
 k - 55 sling bullets (quivered)
Armour
 q - a +0 leather armour
 r - a +0 chain mail (worn)
 t - a +0 helmet (worn)
Jewellery
 h - a ring of protection from magic (right hand)
 n - a ring of wizardry (left hand)
Wands
 s - a wand of magic darts (23)
 u - a wand of confusion (5)
Scrolls
 d - 3 scrolls of remove curse {unknown}
 m - a scroll of blinking {unknown}
 o - a scroll of fog {unknown}
 v - a scroll of brand weapon {unknown}
 x - a scroll of fear {unknown}
Potions
 e - 2 potions of might
 g - a potion of magic
 j - a potion of heal wounds {unknown}
 l - a potion of haste
 p - a potion of berserk rage
Comestibles
 c - 3 bread rations
 w - 5 fruits


   Skills:
 - Level 3.1 Fighting
 * Level 7.3 Axes
 + Level 2.6 Armour
 - Level 2.1 Dodging


You had 6 spell levels left.
You didn't know any spells.

Dungeon Overview and Level Annotations

Branches:
Dungeon (9/15)             Temple (0/1) D:6
   Lair: D:8-11         Orc: D:9-12

Altars:
Elyvilon

Annotations:
D:5 nht's ghost, novice OgEn


Innate Abilities, Weirdness & Mutations

You are small and have problems with some larger weapons.
You are somewhat resistant to further mutation.


Message History

Okay, then.
There is a stone staircase leading down here.
You climb downwards.
There is a stone staircase leading up here.
b - a +0 hunting sling (weapon)
You open the door.
An orc knight and a centaur warrior come into view.
The centaur warrior wields a shortbow.
The centaur warrior shoots an arrow.
The arrow hits you!
* * * LOW HITPOINT WARNING * * *
Found two escape hatches in the ceiling and two escape hatches in the floor.
There is an open door, spattered with blood here.
You see here an arrow.
Unknown command.
Unknown command.
There is a fountain of clear blue water here.
The centaur warrior shoots an arrow.
The arrow hits you.
* * * LOW HITPOINT WARNING * * *
The centaur warrior shoots an arrow.
The arrow hits you!
You die...

### #<# ##.##
#...# ##.@.##
#.....#
##.....##
#....o..#
##.⌠...⌠.##
#.........#
#####(#####
#<.....c...<#
#.........c.#


You could see an orc knight and a centaur warrior.

Vanquished Creatures
  A water moccasin (D:5)
  An ogre (D:8)
  2 scorpions (D:5)
  A giant frog zombie (D:8)
  A quasit (D:5)
  2 hounds
  2 iguanas (D:5)
  Natasha (twice) (D:2)
  An orc wizard (D:6)
  3 gnolls (D:8)
  3 adders
  An ooze (D:5)
  A worm (D:2)
  7 orcs
  A bat (D:2)
  6 jackals
  2 kobolds (D:2)
  A quokka (D:5)
  4 giant cockroaches
  2 giant newts
  5 goblins
  3 rats
52 creatures vanquished.

Notes
Turn   | Place    | Note
--------------------------------------------------------------
     0 | D:1      | Kolbur the Halfling Berserker began the quest for the Orb.
     0 | D:1      | Reached XP level 1. HP: 15/15 MP: 1/1
    23 | D:1      | Reached skill level 3 in Axes
   110 | D:1      | Reached XP level 2. HP: 16/20 MP: 2/2
   117 | D:2      | Noticed Natasha
   122 | D:2      | Killed Natasha
   122 | D:2      | Reached XP level 3. HP: 22/25 MP: 3/3
   197 | D:2      | Reached skill level 4 in Axes
   276 | D:2      | Reached XP level 4. HP: 18/30 MP: 4/4
   316 | D:2      | Noticed Natasha
   323 | D:2      | Killed Natasha
   323 | D:2      | Reached ** piety under Trog
   659 | D:4      | Noticed a phantom
   748 | D:4      | Noticed a phantom
   775 | D:5      | Entered Level 5 of the Dungeon
   793 | D:5      | Reached XP level 5. HP: 32/35 MP: 5/5
   840 | D:5      | Noticed a phantom
   908 | D:5      | Reached skill level 5 in Axes
   957 | D:5      | Reached XP level 6. HP: 41/41 MP: 6/6
  1009 | D:5      | Noticed a water moccasin
  1018 | D:5      | Killed a water moccasin
  1018 | D:5      | Reached skill level 6 in Axes
  1117 | D:5      | Reached XP level 7. HP: 15/45 MP: 7/7
  1137 | D:5      | Noticed nht's ghost (novice OgEn)
  1323 | D:6      | Found a staircase to the Ecumenical Temple.
  1390 | D:8      | Reached skill level 7 in Axes
  1426 | D:8      | Found a white marble altar of Elyvilon.
  1579 | D:9      | Noticed an orc knight
  1579 | D:9      | Noticed a centaur warrior
  1585 | D:9      | Shot with an arrow by a centaur warrior

Action                   |  1- 3 |  4- 6 |  7- 9 || total
-------------------------+-------+-------+-------++-------
Melee: Hand axe          |    23 |   104 |    70 ||   197
 Fire: Hunting sling     |    16 |     9 |       ||    25
Throw: Stone             |       |       |     1 ||     1
Invok: Berserk           |     2 |     7 |     5 ||    14
       Trog's Hand       |       |     2 |     1 ||     3
  Use: Scroll            |       |     6 |     1 ||     7
  Eat: Chunk             |       |     8 |     2 ||    10
       Royal jelly       |       |     1 |       ||     1
       Bread ration      |       |       |     1 ||     1

Vault maps used:
D:1:      minmay_arrival_plants_in_alcoves, minivault_24,
          minmay_rat_gold_closets
D:2:      uniq_robin, uniq_natasha
D:3:      lemuel_round_altar, first_bread
D:4:      lightli_temple_of_fire, vehumet_altar_wand_db, serial_shops,
          kennysheep_mini, due_unseen_surprise, uniq_blork_the_orc
D:5:      kennysheep_big_flooded_room
D:6:      minmay_temple_entry_fiery, uniq_crazy_yiuf_cottage, uniq_sigmund
D:8:      lemuel_doored_altar, nicolae_overflow_hidden_temple, elyvilon_altar_1
D:9:      minmay_diamond_stairs, overflow_temple_1_default,
          hangedman_tell_no_tales, stair_cage_open, uniq_psyche, uniq_erica

Table legend:
 A = Turns spent in this place as a percentage of turns spent in the entire game.
 B = Non-inter-level travel turns spent in this place as a percentage of non-inter-level travel turns spent in the entire game.
 C = Inter-level travel turns spent in this place as a percentage of turns spent in this place.
 D = Turns resting spent in this place as a percentage of non-inter-level travel turns spent in this place.
 E = Turns spent auto-exploring this place as a percentage of non-inter-level travel turns spent in this place.
 F = Non-inter-level travel turns spent in this place divided by the number of levels of this place that you've seen.
                   A       B       C       D       E      F
               +-------+-------+-------+-------+-------+----------------------
         Total | 100.0 | 100.0 |   0.1 |   0.1 |   0.0 | 162.2
       Dungeon | 100.0 | 100.0 |   0.1 |   0.1 |   0.0 | 162.2
               +-------+-------+-------+-------+-------+----------------------
